 Dungeon Crawl Stone Soup version 0.29.1-12-g30fa7ad0bf (webtiles) character file.

Game seed: 14651623290626071795

8 KittyFluff the Trooper (level 2, 0/19 HPs)
             Began as a Gargoyle Berserker on Jan 16, 2023.
             Was a Follower of Trog.
             Frozen to death by an endoplasm (5 damage)
             ... on level 1 of the Dungeon.
             The game lasted 00:01:04 (279 turns).

KittyFluff the Trooper (Gargoyle Berserker)          Turns: 279, Time: 00:01:04

Health: 0/19       AC:  5    Str: 20    XL:     2   Next: 8%
Magic:  2/2        EV: 11    Int:  7    God:    Trog [*.....]
Gold:   8          SH:  0    Dex:  9    Spells: 1/1 levels left

rFire   . . .      SeeInvis .   a - +0 mace
rCold   . . .      Faith    .   (no shield)
rNeg    + . .      Spirit   .   b - +0 animal skin
rPois   ∞          Reflect  .   (no helmet)
rElec   +          Harm     .   (no cloak)
rCorr   .          Rampage  .   (no gloves)
Will    .....                   (no boots)
Stlth   +.........              (no amulet)
HPRegen 0.06/turn               (no ring)
MPRegen 0.08/turn               (no ring)

@: no status effects
A: sickness immunity, AC +2, negative energy resistance 1, electricity
resistance, torment resistance 1, petrification resistance
a: Renounce Religion, Berserk


You were on level 1 of the Dungeon.
You worshipped Trog.
Trog was aware of your devotion.
You visited 1 branch of the dungeon, and saw 1 of its levels.

You collected 8 gold pieces.

Inventory:

Hand Weapons
 a - a +0 mace (weapon)
Missiles
 c - 9 stones (quivered)
Armour
 b - a +0 animal skin (worn)
Scrolls
 d - a scroll of poison {unknown}
Potions
 e - 2 potions of degeneration {unknown}


   Skills:
 + Level 3.3 Fighting
 * Level 3.2 Maces & Flails
 * Level 2.5 Armour
 + Level 1.6 Dodging


You had one spell level left.
You didn't know any spells.
Your spell library was empty.

Dungeon Overview and Level Annotations

Branches:
Dungeon (1/15)

Altars:

Shops:
D:1 ((


Innate Abilities, Weirdness & Mutations

You are immune to sickness and miasma.
Your stone body is resilient. (AC +2)
You are immune to poison.
You resist negative energy. (rN+)
You are resistant to electric shocks. (rElec)
You are resistant to unholy torment.
You are immune to petrification.


Message History

The jackal is almost dead.
The jackal bites you but does no damage.
You closely miss the jackal.
The jackal is almost dead.
The jackal bites you but does no damage.
The jackal barely misses you.
You barely miss the jackal.
The jackal is almost dead.
The jackal barely misses you.
The jackal bites you but does no damage.
You closely miss the jackal.
The jackal is severely wounded.
The jackal bites you but does no damage. x2
You barely miss the jackal.
The jackal is severely wounded.
The jackal bites you but does no damage.
A hobgoblin comes into view.
The hobgoblin shouts!
You thump the jackal!
You kill the jackal!
Trog accepts your kill.
There is an open door, spattered with blood here.
You see here a jackal corpse.
An endoplasm comes into view.
The hobgoblin hits you.
You barely miss the hobgoblin.
The endoplasm quivers.
The hobgoblin closely misses you.
A rat comes into view.
You hit the hobgoblin but do no damage. The hobgoblin hits you.
* * * LOW HITPOINT WARNING * * *
You fail to use your ability.
The hobgoblin closely misses you.
You closely miss the hobgoblin. Your punch misses the hobgoblin.
The hobgoblin hits you but does no damage.
The hobgoblin misses you.
You hit the hobgoblin.
The hobgoblin is moderately wounded.
The endoplasm freezes you.
You are frozen.
You die...

#### ... #.####
.####....#
.........#
#.∩.#..#########
#...g@.†......>#
....#.J..#######.#
.........#...†...#
#.r######.#####.####
#. #.#####....# ..
#....##^#### #
####.##.# #....#
######.#..##


You could see an endoplasm, a hobgoblin and a rat.

Vanquished Creatures
  2 ball pythons (D:1)
  2 jackals (D:1)
  A kobold (D:1)
  A quokka (D:1)
6 creatures vanquished.

Notes
Turn   | Place    | Note
-------+----------+-------------------------------------------
     0 | D:1      | KittyFluff the Gargoyle Berserker began the quest for the
                  | Orb.
     0 | D:1      | Reached XP level 1. HP: 14/14 MP: 1/1
   182 | D:1      | Found Nofoorgha's Antique Weapon Boutique.
   245 | D:1      | Found Vismoma's Weapon Shoppe.
   254 | D:1      | Reached XP level 2. HP: 18/19 MP: 2/2
   279 | D:1      | Frozen to death by an endoplasm

Illustrated notes

Levels and vault maps discovered:
D:1:      zaba_arrival_water, layout_basic, serial_shops, shop,
          nicolae_lakefront_shop, nicolae_shop_bloodbath_and_beyond,
          nicolae_shop_behind_doors, nicolae_shop_stone,
          chequers_serial_rivers_micro_c, minmay_hexomino_r4

Action                   || total
-------------------------++-------
Melee: Mace              ||    32
Armor: Animal skin       ||    13
Dodge: Dodged            ||    26
